 Dungeon Crawl Stone Soup version 0.14-a0-1378-gf8e6a88 (webtiles) character file.

91 PolkaDot the Ruinous (level 2, -2/19 HPs)
             Began as a Vampire Conjurer on Dec 9, 2013.
             Slain by an adder (5 damage)
             ... on Level 2 of the Dungeon.
             The game lasted 00:02:30 (876 turns).

PolkaDot the Ruinous (Vampire Conjurer)              Turns: 876, Time: 00:02:31

HP  -2/19        AC  3     Str  7      XL: 2   Next: 10%
MP   2/4         EV 12     Int 17      God:
Gold 81          SH  0     Dex 14      Spells:  2 memorised,  2 levels left

rFire  . . .     SeeInvis +     (no weapon)
rCold  + . .     Clarity  .     a - +0 robe
rNeg   . . .     Conserve .     (no shield)
rPois  .         rCorr    .     (no helmet)
rElec  .         rRot     .     (no cloak)
SustAb . .       Spirit   .     (no gloves)
rMut   .         Warding  .     k - +0 pair of boots
Saprov . . .     Stasis   .     (no amulet)
                                j - ring of protection from cold {unknown}
                                h - ring of sustenance

@: regenerating quickly, not resistant to hostile enchantments, stealthy
A: fangs 3, see invisible, unbreathing
a: no special abilities


You were on level 2 of the Dungeon.
You were full.

You visited 1 branch of the dungeon, and saw 2 of its levels.

You collected 81 gold pieces.

Inventory:

Armour
 a - a +0 robe (worn)
 k - a +0 pair of boots (worn)
Scrolls
 d - 3 scrolls of teleportation {unknown}
 i - a scroll of remove curse {unknown}
 m - a scroll of amnesia {unknown}
 o - a scroll of enchant weapon I {unknown}
Jewellery
 h - a ring of sustenance (left hand)
 j - a ring of protection from cold (right hand) {unknown}
Potions
 e - a potion of beneficial mutation {unknown}
 f - 2 potions of invisibility {unknown}
 g - a potion of magic {unknown}
 l - 2 potions of curing {unknown}
 n - a potion of agility {unknown}
Books
 c - a book of Conjurations

   Spells                             Type                      Level
   *Magic Dart                        Conjuration                  1
   *Searing Ray                       Conjuration                  2
   Dazzling Spray                     Conjuration/Hexes            3
   Iskenderun's Mystic Blast          Conjuration                  4
   Iskenderun's Battlesphere          Conjuration/Charms           4
   Fulminant Prism                    Conjuration/Hexes            5


   Skills:
 - Level 2.1 Dodging
 - Level 3.0 Stealth
 - Level 2.0 Spellcasting
 * Level 3.3 Conjurations


You had 2 spell levels left.
You knew the following spells:

 Your Spells              Type           Power        Failure   Level  Hunger
a - Magic Dart            Conj           ##..         6%          1    #......
s - Searing Ray           Conj           ##....       10%         2    ###....


Dungeon Overview and Level Annotations

Branches:
Dungeon (2/16)

Altars:
Okawaru
Trog


Innate Abilities, Weirdness & Mutations

Your natural rate of healing is unusually fast.
You have razor-sharp teeth.
You have supernaturally acute eyesight.
You can survive without breathing.


Message History

The adder misses you.
You feel sick. The adder bites you.
You feel sick. The adder closely misses you.
You feel sick. The adder completely misses you.
You feel sick.
You feel better. The adder barely misses you. The adder barely misses you.
Your magical contamination has completely faded away.
The adder bites you.
* * * LOW HITPOINT WARNING * * *
Casting: Searing Ray
Confirm with . or Enter, or press ? or * to list all spells.
Aiming: Searing Ray
Press: ? - help, Shift-Dir - straight line, f/p - adder
Aim: an adder The searing ray misses the adder.
The adder bites you.
You die...

#####.#).......#
#.#
#.#........###.#
#.'............#
###........###.#
##........# #.#
##.........# #.#
#8..8##....# #.#
#...._####.###.#
###..###.....@S.#
#....._##########
###..### #...).#
###..### #....⌠#
###..### #......#
##⌠.####


You could see an adder.

Vanquished Creatures
  A giant cockroach (D:2)
  3 hobgoblins (D:1)
  A giant gecko (D:1)
  A giant newt (D:1)
  A goblin (D:2)
  2 kobolds (D:1)
  2 rats (D:1)
11 creatures vanquished.

Notes
Turn   | Place    | Note
--------------------------------------------------------------
     0 | D:1      | PolkaDot, the Vampire Conjurer, began the quest for the Orb.
     0 | D:1      | Reached XP level 1. HP: 13/13 MP: 3/3
     2 | D:1      | Noticed a shark
   537 | D:1      | Reached XP level 2. HP: 7/19 MP: 0/4
   584 | D:1      | Learned a level 2 spell: Searing Ray
   769 | D:2      | Found an iron altar of Okawaru.
   775 | D:2      | Found a bloodstained altar of Trog.
   876 | D:2      | Slain by an adder

Action                   || total
-------------------------++-------
Melee: Unarmed           ||     5
 Cast: Magic Dart        ||    24
       Searing Ray       ||     1
  Use: Potion            ||     1
